[Event "33rd Pula Open 2019"]
[Site "Pula"]
[Date "2019.06.22"]
[Round "1.1"]
[White "Saric, Ante"]
[Black "Ikica, Ante"]
[Result "1-0"]
[ECO "B38"]
[WhiteElo "2542"]
[BlackElo "1911"]
[Annotator "ChessBase"]
[PlyCount "35"]
[EventDate "2019.06.22"]
[EventType "swiss"]
[EventCountry "CRO"]
[SourceTitle "playchess.com"]
[Source "ChessBase"]
[SourceQuality "1"]
[TimeControl "5400+30"]

1. d4 Nf6 2. Nf3 g6 3. c4 c5 4. Nc3 cxd4 5. Nxd4 Nc6 6. e4 d6 7. Be2 Bg7 8. Be3 Bd7 9. O-O O-O 10. h3 a6 11. Qd2 Nxd4 12. Bxd4 Bc6 13. Bd3 b5 14. Rfe1 e5 15. Be3 bxc4 16. Bxc4 Nxe4 17. Nxe4 Bxe4 18. Bg5 1-0

[Event "33rd Pula Open 2019"]
[Site "Pula"]
[Date "2019.06.22"]
[Round "1.2"]
[White "Hrdina, Karl"]
[Black "Zelcic, Robert"]
[Result "0-1"]
[ECO "D02"]
[WhiteElo "1905"]
[BlackElo "2518"]
[Annotator "ChessBase"]
[PlyCount "60"]
[EventDate "2019.06.22"]
[EventType "swiss"]
[EventCountry "CRO"]
[SourceTitle "playchess.com"]
[Source "ChessBase"]
[SourceQuality "1"]
[TimeControl "5400+30"]

1. d4 c5 2. c3 d5 3. Nf3 Nc6 4. Bf4 Nf6 5. Nbd2 e6 6. h3 Bd6 7. Bxd6 Qxd6 8. e3 O-O 9. Bd3 e5 10. dxe5 Nxe5 11. Nxe5 Qxe5 12. O-O Re8 13. Qf3 Bd7 14. Qf4 Qxf4 15. exf4 Nh5 16. f5 Nf4 17. Bc2 d4 18. cxd4 Ne2+ 19. Kh2 Nxd4 20. Rac1 Re2 21. Rfd1 Nxc2 22. Rxc2 b6 23. Rcc1 Bxf5 24. Kg3 h6 25. Nc4 Be6 26. a4 Bxc4 27. Rxc4 Rxb2 28. Ra1 Rd8 29. a5 Rd3+ 30. Kh2 Rxf2 0-1

[Event "33rd Pula Open 2019"]
[Site "Pula"]
[Date "2019.06.22"]
[Round "1.3"]
[White "Jovanovic, Zoran"]
[Black "Bryant, Richard B E"]
[Result "1-0"]
[ECO "C17"]
[WhiteElo "2503"]
[BlackElo "1900"]
[Annotator "ChessBase"]
[PlyCount "45"]
[EventDate "2019.06.22"]
[EventType "swiss"]
[EventCountry "CRO"]
[SourceTitle "playchess.com"]
[Source "ChessBase"]
[SourceQuality "1"]
[TimeControl "5400+30"]

1. e4 e6 2. d4 d5 3. Nc3 Bb4 4. e5 c5 5. Bd2 a6 6. a3 cxd4 7. axb4 dxc3 8. Bxc3 Ne7 9. Qg4 Ng6 10. Nf3 Bd7 11. b5 Qb6 12. h4 h5 13. Qb4 Ne7 14. Bd3 Nf5 15. O-O Qd8 16. Rfd1 Ne7 17. Bd4 a5 18. Qd2 Bc8 19. Qg5 Nd7 20. Qxg7 Rg8 21. Qh6 Ng6 22. Bxg6 fxg6 23. Qh7 1-0

[Event "33rd Pula Open 2019"]
[Site "Pula"]
[Date "2019.06.22"]
[Round "1.4"]
[White "Skrbec, Leon"]
[Black "Tratar, Marko"]
[Result "0-1"]
[ECO "A41"]
[WhiteElo "1896"]
[BlackElo "2463"]
[Annotator "ChessBase"]
[PlyCount "144"]
[EventDate "2019.06.22"]
[EventType "swiss"]
[EventCountry "CRO"]
[SourceTitle "playchess.com"]
[Source "ChessBase"]
[SourceQuality "1"]
[TimeControl "5400+30"]

1. d4 d6 2. c4 e5 3. e3 Be7 4. Nc3 f5 5. Nf3 e4 6. Nd2 Nf6 7. Be2 c5 8. Nb3 O-O 9. O-O b6 10. f3 Bb7 11. fxe4 Nxe4 12. Nxe4 Bxe4 13. Bf3 Nc6 14. Bd2 cxd4 15. Nxd4 Nxd4 16. Bxe4 fxe4 17. exd4 Rxf1+ 18. Qxf1 Bf6 19. Bc3 Qd7 20. Qf4 Re8 21. Re1 d5 22. a3 h6 23. h4 Qf7 24. g3 Qd7 25. Kg2 dxc4 26. Qe3 Qd5 27. Kh2 b5 28. Rd1 a6 29. Kg2 Re6 30. Re1 Bd8 31. Rf1 Bc7 32. Bb4 Rg6 33. Rf8+ Kh7 34. Be1 Bd6 35. Re8 Re6 36. Rd8 Qf5 37. Bc3 Rf6 38. Qe2 Qg6 39. Be1 Re6 40. Rd7 Qf5 41. Qf2 Qxf2+ 42. Bxf2 h5 43. Ra7 e3 44. Be1 Re4 45. Rxa6 Rxd4 46. Kf3 Rd3 47. Ke2 g6 48. Rb6 Rd5 49. Rb7+ Kg8 50. Rd7 Rd3 51. Rb7 Rb3 52. Bc3 Bxa3 53. bxa3 Rxc3 54. Rxb5 Rxa3 55. Rc5 Rc3 56. Rc7 Kf8 57. Kd1 Rd3+ 58. Ke2 Rd4 59. Kxe3 Rg4 60. Ke2 Ke8 61. Kd2 Kd8 62. Rc5 Ke7 63. Ke2 Kd6 64. Rc8 Kd5 65. Rd8+ Kc5 66. Rc8+ Kd4 67. Rd8+ Kc3 68. Kf2 Kc2 69. Rc8 c3 70. Rc7 Kd3 71. Rd7+ Rd4 72. Rc7 c2 0-1

[Event "33rd Pula Open 2019"]
[Site "Pula"]
[Date "2019.06.22"]
[Round "1.5"]
[White "Fercec, Nenad"]
[Black "Froehlich-Dill, Astrid"]
[Result "1-0"]
[ECO "B06"]
[WhiteElo "2446"]
[BlackElo "1877"]
[Annotator "ChessBase"]
[PlyCount "79"]
[EventDate "2019.06.22"]
[EventType "swiss"]
[EventCountry "CRO"]
[SourceTitle "playchess.com"]
[Source "ChessBase"]
[SourceQuality "1"]
[TimeControl "5400+30"]

1. e4 e6 2. d4 g6 3. Nc3 Bg7 4. Be3 b6 5. Qd2 Bb7 6. O-O-O Nc6 7. h4 h5 8. Kb1 Nf6 9. f3 d6 10. Nh3 Qd7 11. Ng5 O-O-O 12. g3 Nh7 13. Bh3 Nxg5 14. hxg5 Kb8 15. f4 Na5 16. b3 Qe7 17. Rhe1 c5 18. d5 h4 19. g4 f6 20. f5 exd5 21. Nxd5 Bxd5 22. exd5 Qf7 23. Bf4 Nb7 24. Re6 gxf5 25. gxf5 fxg5 26. Bxg5 Be5 27. Re7 Qh5 28. Rxe5 dxe5 29. Bxd8 Rxd8 30. Rf1 Nd6 31. f6 Nf7 32. Be6 Kc7 33. Qd3 Nd6 34. f7 e4 35. Qa6 Nb7 36. Qb5 Rf8 37. Qd7+ Kb8 38. d6 Qe2 39. Rc1 Qd2 40. Qe8+ 1-0

[Event "33rd Pula Open 2019"]
[Site "Pula"]
[Date "2019.06.22"]
[Round "1.6"]
[White "Marceta, Milan"]
[Black "Berezjuk, Sergej"]
[Result "0-1"]
[ECO "B32"]
[WhiteElo "1871"]
[BlackElo "2411"]
[Annotator "ChessBase"]
[PlyCount "40"]
[EventDate "2019.06.22"]
[EventType "swiss"]
[EventCountry "CRO"]
[SourceTitle "playchess.com"]
[Source "ChessBase"]
[SourceQuality "1"]
[TimeControl "5400+30"]

1. e4 c5 2. Nf3 Nc6 3. d4 cxd4 4. Nxd4 e5 5. Nf3 Nf6 6. Bc4 Bc5 7. O-O d6 8. h3 Be6 9. Bxe6 fxe6 10. Nc3 O-O 11. a3 d5 12. Bg5 d4 13. Ne2 Be7 14. Qd3 Nd7 15. Qc4 Bxg5 16. Qxe6+ Rf7 17. Ng3 Bf6 18. Nf5 Nf8 19. Qa2 Qd7 20. Rad1 Qe6 0-1

[Event "33rd Pula Open 2019"]
[Site "Pula"]
[Date "2019.06.22"]
[Round "1.7"]
[White "Grishchenko, Sergey"]
[Black "Weber, Harald"]
[Result "1-0"]
[ECO "D15"]
[WhiteElo "2411"]
[BlackElo "1869"]
[Annotator "ChessBase"]
[PlyCount "35"]
[EventDate "2019.06.22"]
[EventType "swiss"]
[EventCountry "CRO"]
[SourceTitle "playchess.com"]
[Source "ChessBase"]
[SourceQuality "1"]
[TimeControl "5400+30"]

1. d4 d5 2. c4 c6 3. Nc3 Nf6 4. Nf3 h6 5. e3 e6 6. Bd3 Bd6 7. O-O b6 8. e4 dxe4 9. Nxe4 Be7 10. Qe2 Nbd7 11. b3 Qc7 12. Bb2 Bb7 13. Rad1 Rd8 14. Rfe1 Nxe4 15. Bxe4 Nf6 16. Bb1 O-O 17. Qc2 g6 18. Rxe6 1-0

[Event "33rd Pula Open 2019"]
[Site "Pula"]
[Date "2019.06.22"]
[Round "1.8"]
[White "Karall, Lorenz"]
[Black "Zufic, Miroslav"]
[Result "0-1"]
[ECO "D15"]
[WhiteElo "1864"]
[BlackElo "2380"]
[Annotator "ChessBase"]
[PlyCount "66"]
[EventDate "2019.06.22"]
[EventType "swiss"]
[EventCountry "CRO"]
[SourceTitle "playchess.com"]
[Source "ChessBase"]
[SourceQuality "1"]
[TimeControl "5400+30"]

1. d4 Nf6 2. Nf3 d5 3. c4 dxc4 4. Nc3 c6 5. e4 b5 6. e5 Nd5 7. Ne4 e6 8. a4 Bb7 9. Bd2 Nd7 10. Be2 a6 11. O-O h6 12. b3 cxb3 13. Qxb3 Be7 14. axb5 cxb5 15. Ba5 Qb8 16. Rfc1 O-O 17. Nfd2 Qa7 18. Qb2 Rac8 19. Nb3 Nf4 20. Rxc8 Nxe2+ 21. Qxe2 Rxc8 22. Nd6 Bxd6 23. exd6 Bd5 24. Qb2 Bxb3 25. Qxb3 Qxd4 26. Rd1 Qc4 27. Qf3 Qc2 28. Rf1 Rc6 29. Bc7 b4 30. g3 b3 31. Kg2 b2 32. Rb1 Qxb1 33. Qxc6 Qc1 0-1

[Event "33rd Pula Open 2019"]
[Site "Pula"]
[Date "2019.06.22"]
[Round "1.9"]
[White "Beletic, Daniel"]
[Black "Vicze, Kata"]
[Result "1/2-1/2"]
[ECO "D30"]
[WhiteElo "2380"]
[BlackElo "1863"]
[Annotator "ChessBase"]
[PlyCount "77"]
[EventDate "2019.06.22"]
[EventType "swiss"]
[EventCountry "CRO"]
[SourceTitle "playchess.com"]
[Source "ChessBase"]
[SourceQuality "1"]
[TimeControl "5400+30"]

1. d4 d5 2. c4 e6 3. Nf3 Nf6 4. e3 c6 5. Nbd2 Nbd7 6. b3 Bd6 7. Bb2 O-O 8. Bd3 b6 9. O-O c5 10. cxd5 exd5 11. Ne5 Bb7 12. f4 Ne4 13. Nxe4 dxe4 14. Bc4 Qe7 15. Nxd7 Qxd7 16. dxc5 bxc5 17. Qh5 Kh8 18. Rad1 Qe7 19. Rf2 Rad8 20. Rfd2 f5 21. Qh6 Bc7 22. Be6 Rxd2 23. Rxd2 Bc8 24. Bxc8 Rxc8 25. Qc6 Rd8 26. Rd5 Rxd5 27. Qxd5 Qd8 28. Qxd8+ Bxd8 29. Kf2 Kg8 30. Ke2 Ba5 31. Kd1 Kf7 32. Kc2 g6 33. Bc3 Bb4 34. Bb2 Ke6 35. a3 Be1 36. Bc3 Bh4 37. g3 Bd8 38. Bg7 Kd5 39. Bc3 1/2-1/2

[Event "33rd Pula Open 2019"]
[Site "Pula"]
[Date "2019.06.22"]
[Round "1.10"]
[White "Olenik Campa, Rudi"]
[Black "Franic, Milan"]
[Result "1-0"]
[ECO "B41"]
[WhiteElo "1854"]
[BlackElo "2379"]
[Annotator "ChessBase"]
[PlyCount "117"]
[EventDate "2019.06.22"]
[EventType "swiss"]
[EventCountry "CRO"]
[SourceTitle "playchess.com"]
[Source "ChessBase"]
[SourceQuality "1"]
[TimeControl "5400+30"]

1. e4 c5 2. Nf3 a6 3. c4 d6 4. d4 cxd4 5. Nxd4 Nf6 6. Nc3 e6 7. f3 Nbd7 8. Be3 Qc7 9. Be2 Ne5 10. Rc1 Be7 11. O-O O-O 12. Qd2 b6 13. Rfd1 Bb7 14. Bf1 Rac8 15. Qf2 Nfd7 16. b3 Rfe8 17. Na4 Nc5 18. Nxc5 bxc5 19. Ne2 Bf6 20. Nc3 Nc6 21. Bd3 Qa5 22. Qd2 Be5 23. Ne2 Qc7 24. Bb1 Rcd8 25. a3 a5 26. Qc2 g6 27. Kh1 Rb8 28. Qd2 Red8 29. Qe1 Qe7 30. Rd2 Ba8 31. Ba2 Qf6 32. Rcd1 g5 33. Qf2 Kh8 34. Nc1 Bd4 35. Ne2 e5 36. Ng3 Bb7 37. Nf5 Bc8 38. g4 Bxf5 39. gxf5 Rg8 40. Rg1 Qh6 41. Rg4 Qh3 42. Rg3 Qh4 43. Rxg5 Rxg5 44. Qxh4 Bxe3 45. Rg2 Rxg2 46. Kxg2 Rg8+ 47. Kf1 Rg1+ 48. Ke2 Bg5 49. Qh5 h6 50. Qxf7 Nd4+ 51. Kf2 Ra1 52. f6 Rxa2+ 53. Kf1 Bxf6 54. Qxf6+ Kh7 55. Qxd6 Nxf3 56. Qe7+ Kg6 57. Qe6+ Kg7 58. Qg4+ Ng5 59. h4 1-0

[Event "33rd Pula Open 2019"]
[Site "Pula"]
[Date "2019.06.22"]
[Round "1.11"]
[White "Biti, Ozren"]
[Black "Purini, Bruno"]
[Result "1-0"]
[ECO "C50"]
[WhiteElo "2374"]
[BlackElo "1853"]
[Annotator "ChessBase"]
[PlyCount "33"]
[EventDate "2019.06.22"]
[EventType "swiss"]
[EventCountry "CRO"]
[SourceTitle "playchess.com"]
[Source "ChessBase"]
[SourceQuality "1"]
[TimeControl "5400+30"]

1. e4 e5 2. Nf3 Nc6 3. Bc4 Bc5 4. O-O Nf6 5. d3 h6 6. a4 a5 7. c3 d6 8. Nbd2 O-O 9. h3 Ne7 10. d4 exd4 11. cxd4 Bb6 12. Bd3 c6 13. Re1 Re8 14. Nf1 Ng6 15. Ng3 Be6 16. Be3 Qd7 17. d5 1-0

[Event "33rd Pula Open 2019"]
[Site "Pula"]
[Date "2019.06.22"]
[Round "1.12"]
[White "Bittner, Peter"]
[Black "Filipovic, Branko"]
[Result "0-1"]
[ECO "A48"]
[WhiteElo "1849"]
[BlackElo "2371"]
[Annotator "ChessBase"]
[PlyCount "182"]
[EventDate "2019.06.22"]
[EventType "swiss"]
[EventCountry "CRO"]
[SourceTitle "playchess.com"]
[Source "ChessBase"]
[SourceQuality "1"]
[TimeControl "5400+30"]

1. d4 Nf6 2. Bf4 b6 3. Nf3 Bb7 4. e3 g6 5. Nbd2 Bg7 6. Be2 d6 7. c3 O-O 8. O-O Nbd7 9. h3 e6 10. Rc1 Qe7 11. Re1 e5 12. dxe5 dxe5 13. Bh2 Rfd8 14. Qc2 e4 15. Nd4 Ne5 16. Rcd1 Nd3 17. Rf1 c5 18. N4b3 Rac8 19. c4 Ne8 20. Rb1 Nb4 21. Qd1 Nxa2 22. Ra1 Nb4 23. Rxa7 Bxb2 24. Qb1 Bg7 25. Rd1 f5 26. Bf4 Ra8 27. Rxa8 Rxa8 28. Nf1 Bc6 29. g4 Na2 30. Rd2 Nc3 31. Qc1 g5 32. Bg3 Nxe2+ 33. Rxe2 fxg4 34. hxg4 Qe6 35. Nh2 Ra4 36. Rc2 Nf6 37. Qd1 Rxc4 38. Qd8+ Ne8 39. Rxc4 Qxc4 40. Qxb6 Qd5 41. Nxc5 Bf8 42. Na6 Bd7 43. Qd4 Qxd4 44. exd4 Nf6 45. Nc5 Bxc5 46. dxc5 Nxg4 47. c6 Bc8 48. Nxg4 Bxg4 49. c7 Kf7 50. f4 exf3 51. Kf2 Kf6 52. c8=Q Bxc8 53. Kxf3 Kf5 54. Bc7 h5 55. Kg2 Kg4 56. Kh2 Bb7 57. Bb8 h4 58. Bc7 Kh5 59. Bd6 Kg4 60. Bc7 Kf3 61. Bd8 Kf4 62. Be7 Kf5 63. Bd8 Kg6 64. Be7 Kh5 65. Bd6 g4 66. Bf4 Kg6 67. Bc7 Bc8 68. Bb8 Kf5 69. Bc7 Kg6 70. Bb8 Ba6 71. Bc7 Bf1 72. Bd8 Kh5 73. Bc7 Bd3 74. Bb8 Be4 75. Bf4 Ba8 76. Bb8 Bc6 77. Bc7 Kg6 78. Bd8 Kh5 79. Bc7 Bd5 80. Bb8 Kg5 81. Bc7 Bf3 82. Bd8+ Kh5 83. Bc7 Be2 84. Bf4 Bf1 85. Bc7 Kg6 86. Bd8 Kh5 87. Bc7 Bc4 88. Bf4 Be6 89. Bc7 Kg6 90. Bd8 g3+ 91. Kg1 h3 0-1

[Event "33rd Pula Open 2019"]
[Site "Pula"]
[Date "2019.06.22"]
[Round "1.13"]
[White "Boric, Muhamed"]
[Black "Siraj, Anej"]
[Result "1-0"]
[ECO "C01"]
[WhiteElo "2361"]
[BlackElo "1848"]
[Annotator "ChessBase"]
[PlyCount "67"]
[EventDate "2019.06.22"]
[EventType "swiss"]
[EventCountry "CRO"]
[SourceTitle "playchess.com"]
[Source "ChessBase"]
[SourceQuality "1"]
[TimeControl "5400+30"]

1. d4 d6 2. e4 e6 3. Nc3 g6 4. Nf3 h6 5. Be3 Ne7 6. Qd2 b6 7. a4 a6 8. Bc4 Bb7 9. d5 e5 10. Ng1 f5 11. f4 Bg7 12. fxe5 dxe5 13. Nf3 f4 14. Bf2 Nc8 15. g3 Nd6 16. Be2 g5 17. gxf4 gxf4 18. Rg1 Qf6 19. Nh4 Qf7 20. Ng6 Rg8 21. Bh5 Kd8 22. Qe2 Bf6 23. O-O-O f3 24. Qe3 Rg7 25. Kb1 Bg5 26. Rxg5 Nc4 27. Nxe5 Qf8 28. Nxc4 hxg5 29. d6 Nd7 30. dxc7+ Kxc7 31. Nxb6 Ne5 32. Nxa8+ Bxa8 33. Qb6+ Kc8 34. Qe6+ 1-0

[Event "33rd Pula Open 2019"]
[Site "Pula"]
[Date "2019.06.22"]
[Round "1.14"]
[White "Mihelic, Vesna"]
[Black "Jelen, Igor"]
[Result "0-1"]
[ECO "B30"]
[WhiteElo "1844"]
[BlackElo "2353"]
[Annotator "ChessBase"]
[PlyCount "90"]
[EventDate "2019.06.22"]
[EventType "swiss"]
[EventCountry "CRO"]
[SourceTitle "playchess.com"]
[Source "ChessBase"]
[SourceQuality "1"]
[TimeControl "5400+30"]

1. e4 c5 2. Nf3 Nc6 3. Nc3 e5 4. Bc4 Be7 5. d3 Nf6 6. Nd2 d6 7. Nf1 Bg4 8. f3 Be6 9. Ne3 Nd7 10. O-O O-O 11. Ncd5 Bg5 12. c3 Na5 13. f4 exf4 14. Nxf4 Nxc4 15. Nxc4 Bxc4 16. dxc4 Ne5 17. b3 Bxf4 18. Bxf4 Qe7 19. Qd5 Rad8 20. Rad1 Kh8 21. b4 cxb4 22. cxb4 f6 23. Rd2 Qc7 24. Rc1 Qb6+ 25. Qd4 Qxb4 26. Rb2 Qa3 27. Rxb7 Nd3 28. Rf1 Nxf4 29. Rxf4 a5 30. Rf2 Rc8 31. Rc2 Rfe8 32. Rcb2 h6 33. R7b5 Kh7 34. h3 Qa4 35. Qxd6 Rxc4 36. Qd7 Rc1+ 37. Kh2 Qxe4 38. Rf2 Re7 39. Qd2 Rc4 40. Rxa5 Rd4 41. Qc2 Rd3 42. Raf5 Red7 43. R5f3 Qg6 44. Rxd3 Rxd3 45. Rd2 Qg3+ 0-1

[Event "33rd Pula Open 2019"]
[Site "Pula"]
[Date "2019.06.22"]
[Round "1.15"]
[White "Medak, Bojan"]
[Black "Kocevar, Tugomir"]
[Result "1-0"]
[ECO "A29"]
[WhiteElo "2342"]
[BlackElo "1841"]
[Annotator "ChessBase"]
[PlyCount "39"]
[EventDate "2019.06.22"]
[EventType "swiss"]
[EventCountry "CRO"]
[SourceTitle "playchess.com"]
[Source "ChessBase"]
[SourceQuality "1"]
[TimeControl "5400+30"]

1. c4 Nf6 2. Nc3 e5 3. Nf3 Nc6 4. g3 h6 5. Bg2 d5 6. cxd5 Nxd5 7. Nxe5 Nxc3 8. Nxc6 Nxd1 9. Nxd8 Nxf2 10. Nxf7 Nd3+ 11. exd3 Kxf7 12. O-O+ Ke8 13. d4 Bd6 14. d3 Rb8 15. Bf4 Rf8 16. Rae1+ Kd8 17. Bxd6 Rxf1+ 18. Rxf1 cxd6 19. Rf8+ Ke7 20. Rg8 1-0

[Event "33rd Pula Open 2019"]
[Site "Pula"]
[Date "2019.06.23"]
[Round "2.6"]
[White "Berezjuk, Sergej"]
[Black "Klaric, Zoran"]
[Result "0-1"]
[ECO "E60"]
[WhiteElo "2411"]
[BlackElo "2086"]
[Annotator "RC"]
[PlyCount "118"]
[EventDate "2019.06.22"]
[EventType "swiss"]
[EventCountry "CRO"]
[SourceTitle "playchess.com"]
[Source "ChessBase"]
[SourceQuality "1"]
[TimeControl "5400+30"]

1. Nf3 Nf6 2. c4 g6 3. b3 d6 4. d4 Bg7 5. Bb2 O-O 6. g3 Nbd7 7. Bg2 e5 8. dxe5 Ng4 9. O-O Ngxe5 10. Nc3 Nc6 11. Qc1 Re8 12. Re1 Nc5 13. Nd5 Ne5 14. Nxe5 dxe5 15. Rd1 c6 16. Nc3 Qc7 17. Ba3 Bf8 18. b4 Ne6 19. e3 f5 20. c5 Ng5 21. f4 Nf7 22. Bb2 exf4 23. exf4 Be6 24. Qc2 Bg7 25. Ne2 Bxb2 26. Qxb2 Rad8 27. h3 Rxd1+ 28. Rxd1 Bc4 29. Nd4 Qe7 30. Kh2 h5 31. Nf3 Bd5 32. Re1 Qd8 33. Rxe8+ Qxe8 34. Qd2 b6 35. cxb6 axb6 36. a4 Nd6 37. Ne5 Ne4 38. Bxe4 fxe4 39. a5 bxa5 40. bxa5 Kh7 41. g4 hxg4 42. hxg4 g5 43. Kg3 Kg8 44. Qc3 gxf4+ 45. Kxf4 Qf8+ 46. Kg3 Qf6 47. Qd4 Qd6 48. g5 c5 49. Qc3 Be6 50. Kf4 Qf8+ 51. Kxe4 Qf5+ 52. Ke3 Qxg5+ 53. Kf2 Qf4+ 54. Ke1 Qe4+ 55. Kd2 Qg2+ 56. Kc1 Qf1+ 57. Kb2 Qb5+ 58. Ka3 Qb1 59. Nd3 Qa2# 0-1

[Event "33rd Pula Open 2019"]
[Site "Pula"]
[Date "2019.06.23"]
[Round "2.7"]
[White "Skuhala, Barbara"]
[Black "Grishchenko, Sergey"]
[Result "0-1"]
[ECO "B15"]
[WhiteElo "2090"]
[BlackElo "2411"]
[Annotator "ChessBase"]
[PlyCount "68"]
[EventDate "2019.06.22"]
[EventType "swiss"]
[EventCountry "CRO"]
[SourceTitle "playchess.com"]
[Source "ChessBase"]
[SourceQuality "1"]
[TimeControl "5400+30"]

1. e4 c6 2. d4 d5 3. f3 g6 4. Nc3 Bg7 5. Be3 Qb6 6. a3 e5 7. Nge2 Ne7 8. Qd2 Qxb2 9. Ra2 Qb6 10. dxe5 Qa5 11. Bg5 d4 12. Nxd4 Qxe5 13. Nce2 O-O 14. Bf4 Qc5 15. Qb4 Na6 16. Qxc5 Nxc5 17. Bd6 Ne6 18. c3 Re8 19. Rb2 b6 20. Kd2 c5 21. Nxe6 Bxe6 22. Bf4 Rad8+ 23. Kc2 Bd7 24. Kc1 Ba4 25. Rd2 Nc6 26. Rxd8 Rxd8 27. Bg5 Rd3 28. Bd2 Na5 29. Nd4 Rxd2 30. Kxd2 cxd4 31. cxd4 Bxd4 32. Bd3 Bd7 33. Ke2 Nb3 34. Bc4 Be6 0-1

[Event "33rd Pula Open 2019"]
[Site "Pula"]
[Date "2019.06.23"]
[Round "2.8"]
[White "Zufic, Miroslav"]
[Black "Grant, David J"]
[Result "1-0"]
[ECO "B76"]
[WhiteElo "2380"]
[BlackElo "2082"]
[Annotator "NA"]
[PlyCount "59"]
[EventDate "2019.06.22"]
[EventType "swiss"]
[EventCountry "CRO"]
[SourceTitle "playchess.com"]
[Source "ChessBase"]
[SourceQuality "1"]
[TimeControl "5400+30"]

1. e4 c5 2. Nf3 d6 3. d4 cxd4 4. Nxd4 Nf6 5. Nc3 g6 6. Be3 Bg7 7. f3 Nc6 8. Qd2 O-O 9. O-O-O d5 10. exd5 Nxd5 11. Nxc6 bxc6 12. Bd4 e5 13. Bc5 Be6 14. Ne4 Re8 15. Bc4 Qc7 16. h4 h6 17. g4 Red8 18. g5 h5 19. Kb1 Rab8 20. Bb3 Nf4 21. Qe3 Qa5 22. Be7 Rxd1+ 23. Rxd1 Bxb3 24. axb3 Nd5 25. Qd4 Qa6 26. c4 Nb4 27. Qd8+ Rxd8 28. Rxd8+ Kh7 29. Nf6+ Bxf6 30. Bxf6 1-0

[Event "33rd Pula Open 2019"]
[Site "Pula"]
[Date "2019.06.23"]
[Round "2.9"]
[White "Lunn, Matthew"]
[Black "Biti, Ozren"]
[Result "1/2-1/2"]
[ECO "E33"]
[WhiteElo "2065"]
[BlackElo "2374"]
[Annotator "ChessBase"]
[PlyCount "78"]
[EventDate "2019.06.22"]
[EventType "swiss"]
[EventCountry "CRO"]
[SourceTitle "playchess.com"]
[Source "ChessBase"]
[SourceQuality "1"]
[TimeControl "5400+30"]

1. d4 Nf6 2. c4 Nc6 3. Nf3 e6 4. Nc3 Bb4 5. Qc2 d6 6. a3 Bxc3+ 7. Qxc3 O-O 8. Bg5 h6 9. Bh4 g5 10. Bg3 Ne4 11. Qc2 f5 12. e3 Qf6 13. d5 Ne7 14. dxe6 Bxe6 15. Bd3 Nc5 16. O-O Ng6 17. Ne1 Ne5 18. Bxe5 dxe5 19. e4 f4 20. b4 Nxd3 21. Nxd3 f3 22. g3 Rad8 23. Rfd1 Rd4 24. Nb2 Rfd8 25. Rxd4 Rxd4 26. Rd1 Qd8 27. c5 Kg7 28. Rd3 Rxd3 29. Qxd3 Qxd3 30. Nxd3 Kf6 31. Ne1 g4 32. Nc2 h5 33. Ne3 c6 34. Kf1 Ba2 35. Ke1 Ke6 36. Kd2 Bb1 37. Nc2 Ba2 38. Ne3 Bb1 39. Nc2 Ba2 1/2-1/2

[Event "33rd Pula Open 2019"]
[Site "Pula"]
[Date "2019.06.23"]
[Round "2.11"]
[White "Zinchenko, Vladimir"]
[Black "Boric, Muhamed"]
[Result "*"]
[ECO "B21"]
[WhiteElo "2056"]
[BlackElo "2361"]
[Annotator "ChessBase"]
[PlyCount "75"]
[EventDate "2019.06.22"]
[EventType "swiss"]
[EventCountry "CRO"]
[SourceTitle "playchess.com"]
[Source "ChessBase"]
[SourceQuality "1"]
[TimeControl "5400+30"]

1. e4 c5 2. f4 d5 3. exd5 Qxd5 4. Nc3 Qd6 5. Bb5+ Bd7 6. Bxd7+ Nxd7 7. Qf3 Rb8 8. Nge2 g6 9. b3 Bg7 10. Bb2 Ngf6 11. Nb5 Qb6 12. a4 a6 13. Na3 Qc7 14. Nc4 b5 15. Ne5 Nh5 16. axb5 axb5 17. Nxd7 Qxd7 18. Bxg7 Nxg7 19. d3 Nf5 20. O-O h5 21. Ra6 c4 22. Qc6 cxb3 23. cxb3 Rc8 24. Qxd7+ Kxd7 25. Ra7+ Rc7 26. Rxc7+ Kxc7 27. Rc1+ Kb6 28. b4 Rd8 29. Rc3 Nd4 30. Nc1 Nc6 31. Rb3 Rd4 32. Na2 Rxf4 33. g3 Rd4 34. Kf2 h4 35. Ke3 hxg3 36. hxg3 e6 37. Nc3 Nxb4 38. Ne2 *

[Event "33rd Pula Open 2019"]
[Site "Pula"]
[Date "2019.06.23"]
[Round "2.11"]
[White "Zinchenko, Vladimir"]
[Black "Boric, Muhamed"]
[Result "0-1"]
[ECO "B21"]
[WhiteElo "2056"]
[BlackElo "2361"]
[Annotator "ChessBase"]
[PlyCount "78"]
[EventDate "2019.06.22"]
[EventType "swiss"]
[EventCountry "CRO"]
[SourceTitle "playchess.com"]
[Source "ChessBase"]
[SourceQuality "1"]
[TimeControl "5400+30"]

1. e4 c5 2. f4 d5 3. exd5 Qxd5 4. Nc3 Qd6 5. Bb5+ Bd7 6. Bxd7+ Nxd7 7. Qf3 Rb8 8. Nge2 g6 9. b3 Bg7 10. Bb2 Ngf6 11. Nb5 Qb6 12. a4 a6 13. Na3 Qc7 14. Nc4 b5 15. Ne5 Nh5 16. axb5 axb5 17. Nxd7 Qxd7 18. Bxg7 Nxg7 19. d3 Nf5 20. O-O h5 21. Ra6 c4 22. Qc6 cxb3 23. cxb3 Rc8 24. Qxd7+ Kxd7 25. Ra7+ Rc7 26. Rxc7+ Kxc7 27. Rc1+ Kb6 28. b4 Rd8 29. Rc3 Nd4 30. Nc1 Nc6 31. Rb3 Rd4 32. Na2 Rxf4 33. g3 Rd4 34. Kf2 h4 35. Ke3 hxg3 36. hxg3 e6 37. Nc3 Rg4 38. Ne2 Rxb4 39. Rc3 Ne7 0-1

[Event "33rd Pula Open 2019"]
[Site "Pula"]
[Date "2019.06.23"]
[Round "2.12"]
[White "Jelen, Igor"]
[Black "Mrkaljevic, Jakub"]
[Result "1-0"]
[ECO "D11"]
[WhiteElo "2353"]
[BlackElo "2046"]
[Annotator "NA"]
[PlyCount "118"]
[EventDate "2019.06.22"]
[EventType "swiss"]
[EventCountry "CRO"]
[SourceTitle "playchess.com"]
[Source "ChessBase"]
[SourceQuality "1"]
[TimeControl "5400+30"]

1. d4 d5 2. c4 c6 3. Nf3 Nf6 4. e3 Bg4 5. h3 Bh5 6. g4 Bg6 7. Ne5 Nbd7 8. Nxg6 hxg6 9. Bg2 e6 10. Qb3 Qb6 11. Qc2 Bb4+ 12. Bd2 Rd8 13. O-O e5 14. c5 Qa5 15. Bxb4 Qxb4 16. a3 Qa5 17. f4 exd4 18. exd4 O-O 19. Nc3 Rfe8 20. f5 g5 21. Qd2 Nh7 22. Rfe1 Qc7 23. Re3 Rxe3 24. Qxe3 Ndf6 25. b4 Re8 26. Qf2 Qe7 27. Rc1 Kf8 28. b5 Qc7 29. bxc6 bxc6 30. Rb1 Rb8 31. Qe3 Rxb1+ 32. Nxb1 Qb8 33. Nd2 Qe8 34. Kf2 Qxe3+ 35. Kxe3 Ke7 36. Bf1 Kd7 37. Nf3 Kc7 38. Ne5 Ne4 39. Nxf7 Nhf6 40. Bd3 a5 41. Ne5 Nc3 42. Nf3 Nce4 43. Bc2 Kb7 44. Ne5 Nc3 45. Ng6 a4 46. Nf8 Nb5 47. Ne6 Nxa3 48. Bxa4 Nc4+ 49. Kf3 Nd2+ 50. Kg2 Nfe4 51. Nxg7 Nf6 52. Ne6 Nde4 53. Bc2 Kc8 54. Bxe4 Nxe4 55. h4 gxh4 56. Kh3 Kd7 57. Kxh4 Ke7 58. Nf4 Nd2 59. Ng6+ Kf6 1-0

[Event "33rd Pula Open 2019"]
[Site "Pula"]
[Date "2019.06.23"]
[Round "2.13"]
[White "Schaffert, Walter"]
[Black "Medak, Bojan"]
[Result "0-1"]
[ECO "B09"]
[WhiteElo "2055"]
[BlackElo "2342"]
[Annotator "ChessBase"]
[PlyCount "64"]
[EventDate "2019.06.22"]
[EventType "swiss"]
[EventCountry "CRO"]
[SourceTitle "playchess.com"]
[Source "ChessBase"]
[SourceQuality "1"]
[TimeControl "5400+30"]

1. e4 d6 2. d4 Nf6 3. Nc3 g6 4. f4 Bg7 5. Nf3 O-O 6. Bd3 Na6 7. O-O c5 8. d5 Rb8 9. a4 Nb4 10. Bc4 e6 11. dxe6 Bxe6 12. Bxe6 fxe6 13. e5 dxe5 14. Qe2 Nfd5 15. fxe5 Nxc3 16. bxc3 Nc6 17. Bg5 Qc7 18. Qc4 Nxe5 19. Qxe6+ Kh8 20. Nxe5 Qxe5 21. Qxe5 Bxe5 22. Bh6 Rxf1+ 23. Rxf1 Bxc3 24. Rf7 Kg8 25. Re7 a6 26. Kf1 b5 27. axb5 axb5 28. Ke2 Bf6 29. Rd7 Re8+ 30. Kd3 c4+ 31. Kd2 b4 32. Rb7 Bc3+ 0-1